 Dungeon Crawl Stone Soup version 0.24.0-37-gcf1ca852f1 (webtiles) character file.

Game seed: 6141636297658337356, levelgen mode: deterministic

1885 ReteAZ the Cleaver (level 8, 0/77 HPs)
             Began as a Minotaur Berserker on Dec 8, 2019.
             Was an Elder of Trog.
             Slain by an orc wizard
             ... wielding a +0 dagger
              (2 damage)
             ... on level 7 of the Dungeon.
             The game lasted 00:19:23 (5573 turns).

ReteAZ the Cleaver (Minotaur Berserker)             Turns: 5573, Time: 00:19:23

Health: 0/77       AC:  9    Str: 28    XL:     8   Next: 92%
Magic:  7/7        EV:  9    Int:  4    God:    Trog [****..]
Gold:   112        SH:  5    Dex: 10    Spells: 7/7 levels left

rFire    + . .     SeeInvis .   a - +0 hand axe
rCold    . . .     Gourm    .   i - +2 buckler
rNeg     . . .     Faith    +   D - +2 ring mail {rF+}
rPois    .         Spirit   .   (helmet restricted)
rElec    .         Reflect  .   A - +0 cloak
rCorr    .         Harm     .   f - +0 pair of gloves
MR       ++...                  (no boots)
Stlth    ..........             y - amulet "Cupn" {Faith Str+4}
HPRegen  1.22/turn              (no ring)
MPRegen  0.10/turn              (no ring)

@: berserk cooldown, regenerating, slowed, heavily drained, very slow
A: retaliatory headbutt, horns 2
a: Berserk, Trog's Hand, Brothers in Arms, Renounce Religion


You were on level 7 of the Dungeon.
You worshipped Trog.
Trog was greatly pleased with you.
You were not hungry.

You visited 1 branch of the dungeon, and saw 7 of its levels.

You collected 385 gold pieces.
You spent 273 gold pieces at shops.

Inventory:

Hand Weapons
 a - a +0 hand axe (weapon)
Missiles
 e - 133 stones (quivered)
Armour
 b - a +0 animal skin
 f - a +0 pair of gloves (worn)
 i - a +2 buckler (worn)
 l - a +0 ring mail
 p - a +0 plate armour
 A - a +0 cloak (worn)
 B - the +1 ring mail of the Mantidfly {MR+ Regen+ Dex-3}
   (You found it on level 4 of the Dungeon)

   It affects your dexterity (-3).
   It affects your resistance to hostile enchantments.
   It increases your rate of regeneration.
 D - a +2 ring mail of fire resistance (worn)
Jewellery
 u - an uncursed amulet of magic regeneration
 y - the amulet "Cupn" (around neck) {Faith Str+4}
   (You found it on level 4 of the Dungeon)

   [amulet of faith]

   It allows you to gain divine favour quickly.
   It affects your strength (+4).
Wands
 C - a wand of digging (5)
Scrolls
 h - 2 scrolls of remove curse
 k - 9 scrolls of identify
 n - a scroll of amnesia
 o - a scroll of magic mapping
Potions
 d - 2 potions of degeneration {unknown}
 g - 2 potions of curing
 j - a potion of might {unknown}
 m - a potion of brilliance {unknown}
 q - 2 potions of haste {unknown}
 t - 2 potions of resistance {unknown}
 w - a potion of agility {unknown}
 z - a potion of lignification {unknown}
 E - 2 potions of mutation {unknown}
Comestibles
 c - 8 rations


   Skills:
 + Level 8.8(5.9) Fighting
 * Level 11.6(8.5) Axes
 - Level 2.4(0.0) Armour
 - Level 2.1(0.0) Dodging


You had 7 spell levels left.
You didn't know any spells.
Your spell library was empty.

Dungeon Overview and Level Annotations

Branches:
Dungeon (7/15)             Temple (0/1) D:6

Altars:
Fedhas
Nemelex Xobeh
Uskayaw

Shops:
D:6 [[((}


Innate Abilities, Weirdness & Mutations

You reflexively headbutt those who attack you in melee.
You have a pair of horns on your head.


Message History

Something hits you but does no damage.
As you read the scroll labeled SISEBO ZEGALU, it crumbles to dust.
The scroll dissolves into smoke.
It was a scroll of fog.
You hear some strange, mumbled words.
A puff of flame appears from out of thin air!
The puff of flame hits you. You resist.
* * * LOW HITPOINT WARNING * * *
Something hits you but does no damage.
You hit something. You headbutt something! You hit the sky beast.
The sky beast closely misses you. You furiously retaliate!
You headbutt the sky beast. Something hits you but does no damage.
Your skin crawls.
You feel resistant to hostile enchantments.
You feel somewhat more hungry.
The sky beast flickers out of sight!
Something hits you.
* * * LOW HITPOINT WARNING * * *
Something shocks you.
* * * LOW HITPOINT WARNING * * *
Something hits you.
You die...

######.###.##....,,,,#####
#........>.##....##*,....#
#.........##......###.....
#......:.....##...<...###.
#........)†##......)......
#.......).)...####.[.##...
#......§§§#..#####.......:
#.....§§§{{§........(..###
#.......§@#.....#.##$(.#
#.....§§§§#........<...###
#######§###......###......
#(#.................
#(#..(....#####.....
**###########** *.....
*,,,,,,,,,,,,,* *#####
*,≈≈,,,,,,,≈≈,* *
*,≈≈,,,_,,,≈≈,* *


There were no monsters in sight!

Vanquished Creatures
  A hippogriff (D:6)
  2 orc warriors
  An ice beast (D:6)
  3 phantoms
  An ogre (D:6)
  A centaur (D:6)
  A bullfrog (D:6)
  4 wights (D:7)
  A crimson imp (D:5)
  3 jellies
  3 orc priests
  2 hounds
  5 orc wizards
  A bullfrog skeleton (D:6)
  2 iguanas
  2 worker ants
  A hound skeleton (D:4)
  3 gnolls (D:6)
  6 adders
  3 worms
  4 dart slugs
  3 leopard geckos
  22 orcs
  3 ball pythons
  4 giant cockroaches
  7 goblins
  9 hobgoblins
  4 jackals (D:5)
  3 quokkas
  8 bats
  6 frilled lizards
  A giant cockroach zombie (D:5)
  8 kobolds
  A leopard gecko skeleton (D:4)
  9 rats
138 creatures vanquished.

Notes
Turn   | Place    | Note
-------+----------+-------------------------------------------
     0 | D:1      | ReteAZ the Minotaur Berserker began the quest for the Orb.
     0 | D:1      | Reached XP level 1. HP: 19/19 MP: 0/0
   161 | D:1      | Reached skill level 4 in Axes
   204 | D:1      | Reached XP level 2. HP: 24/27 MP: 1/1
   627 | D:1      | Reached XP level 3. HP: 25/33 MP: 2/2
  1014 | D:2      | Reached ** piety under Trog
  1032 | D:2      | Reached skill level 5 in Axes
  1048 | D:2      | Found a faded altar of an unknown god.
  1675 | D:3      | Reached XP level 4. HP: 35/41 MP: 3/3
  2408 | D:4      | Reached skill level 6 in Axes
  2408 | D:4      | Reached XP level 5. HP: 26/47 MP: 4/4
  2410 | D:4      | Reached skill level 5 in Fighting
  2497 | D:4      | Got a scorched amethyst amulet
  2572 | D:4      | Reached *** piety under Trog
  2632 | D:4      | Noticed a phantom
  2643 | D:4      | Killed a phantom
  2643 | D:4      | Reached skill level 7 in Axes
  2738 | D:4      | Got a slimy ring mail
  2749 | D:4      | Identified the +1 ring mail of the Mantidfly {MR+ Regen+
                  | Dex-3} (You found it on level 4 of the Dungeon)
  2750 | D:4      | Identified the amulet "Cupn" {Faith Str+4} (You found it on
                  | level 4 of the Dungeon)
  3057 | D:5      | Entered Level 5 of the Dungeon
  3063 | D:5      | Reached XP level 6. HP: 46/56 MP: 5/5
  3281 | D:5      | Received a gift from Trog
  3367 | D:5      | Reached skill level 8 in Axes
  3422 | D:5      | Reached XP level 7. HP: 51/63 MP: 6/6
  3694 | D:5      | Found a hide-covered altar of Uskayaw.
  3700 | D:5      | Found a blossoming altar of Fedhas.
  3728 | D:6      | Found a staircase to the Ecumenical Temple.
  3798 | D:6      | Found Huasch's Armour Shoppe.
  3806 | D:6      | Bought a +2 ring mail of fire resistance for 273 gold
                  | pieces
  3871 | D:6      | Found a sparkling altar of Nemelex Xobeh.
  3896 | D:6      | Reached skill level 9 in Axes
  4134 | D:6      | Found Leom's Weapon Boutique.
  4193 | D:6      | Found Ibuiq's Armour Shop.
  4267 | D:6      | Reached **** piety under Trog
  4271 | D:6      | Reached XP level 8. HP: 72/73 MP: 7/7
  4418 | D:6      | Found Muijosh's Antique Weapon Shop.
  4448 | D:6      | Reached skill level 10 in Axes
  4675 | D:6      | Found Wisacrir's Gadget Boutique.
  5011 | D:7      | Noticed a hippogriff
  5029 | D:6      | Killed a hippogriff
  5029 | D:6      | Reached skill level 11 in Axes
  5573 | D:7      | HP: 2/77 [something (6)]
  5573 | D:7      | Slain by an orc wizard

Levels and vault maps discovered:
D:1:      minmay_arrival_shattered_statue, layout_basic, amethyst_killhole
D:2:      layout_loops_corners, chequers_ecumenical_altar_simple_redux
D:3:      layout_basic
D:4:      layout_loops_ring, first_ration
D:5:      layout_basic, amethyst_overflow_temple_binary
D:6:      layout_basic, minmay_temple_entry_wispy, serial_shops,
          nicolae_shop_competitors_out_of_business, kennysheep_mini_moat, shop,
          nicolae_shop_temple_entry_statues_fountains, shop, basic_altar,
          kennysheep_nondescript
D:7:      layout_rooms, demons_altar

Skill      XL: |  1  2  3  4  5  6  7  8 |
---------------+-------------------------+-----
Axes           | 4 5 6 7 8 9 11 | 11.6
Fighting       | 4 5 6 7 8 |  8.8
Armour         | |  2.4
Dodging        | |  2.1

Action                   |  1- 3 |  4- 6 |  7- 9 || total
-------------------------+-------+-------+-------++-------
Melee: Hand axe          |   104 |   133 |   156 ||   393
       Headbutt          |    14 |    24 |    35 ||    73
Throw: Stone             |       |       |     4 ||     4
Invok: Berserk           |       |       |     2 ||     2
       Trog's Hand       |       |       |     1 ||     1
  Use: Scroll            |       |     2 |     6 ||     8
       Potion            |       |       |     1 ||     1
 Stab: Sleeping          |     1 |       |       ||     1
  Eat: Chunk             |     2 |     6 |     7 ||    15
       Ration            |       |       |     1 ||     1
Armor: Animal skin       |    19 |       |       ||    19
       Ring mail         |    17 |    47 |    54 ||   118
Dodge: Dodged            |    38 |    57 |    60 ||   155
Block: Buckler           |    16 |    24 |    37 ||    77
